 Dungeon Crawl Stone Soup version 0.30-a0-465-g8901f6c8b5 (webtiles) character file.

Game seed: 7097209040763719266

1534 cforsyth the Covered (level 8, -1/74 HPs)
             Began as an Armataur Gladiator on Dec 19, 2022.
             Slain by Pikel
             ... wielding a +0 whip of electrocution
              (20 damage)
             ... on level 5 of the Dungeon.
             The game lasted 00:10:16 (5199 turns).

cforsyth the Covered (Armataur Gladiator)           Turns: 5199, Time: 00:10:17

Health: -1/74      AC: 11    Str: 24    XL:     8   Next: 55%
Magic:  8/8        EV:  8    Int: 16    God:
Gold:   218        SH:  0    Dex: 12    Spells: 7/7 levels left

rFire   + + .      SeeInvis .    o - +4 flail (holy)
rCold   . . .      Faith    .    (no shield)
rNeg    . . .      Spirit   .    y - +1 scale mail of the Mantidfly {-Cast rF++ Str+4}
rPois   .          Reflect  .    c - +1 helmet
rElec   .          Harm     .    (no cloak)
rCorr   .          Roll     +    (no gloves)
Will    .....      NoCast   +    (no barding)
Stlth   ..........               j - amulet of regeneration
HPRegen 1.12/turn                t - +6 ring of intelligence
MPRegen 0.11/turn                (no ring)

@: no status effects
A: large, rugged brown scales 3, deformed body, armoured tail, roll, long
tongue, awkward tongue
a: no special abilities


You were on level 5 of the Dungeon.
You visited 1 branch of the dungeon, and saw 6 of its levels.
You also visited: Sewer.

You collected 218 gold pieces.

Inventory:

Hand Weapons
 a - a +0 flail
 o - a +4 flail of holy wrath (weapon)
Missiles
 d - 3 throwing nets (quivered)
 e - a javelin
Armour
 c - a +1 helmet (worn)
 y - the +1 scale mail of the Mantidfly (worn) {-Cast rF++ Str+4}
   (You found it on level 4 of the Dungeon)

   Str:       It affects your strength (+4).
   rF:        It greatly protects you from fire.
   -Cast:     It prevents spellcasting.
Jewellery
 j - an amulet of regeneration (around neck)
 s - an amulet of the acrobat
 t - a +6 ring of intelligence (left hand)
Wands
 z - a wand of digging (8)
 A - a wand of mindburst (18)
Scrolls
 f - a scroll of fog
 h - a scroll of identify
 i - a scroll of noise {unknown}
 k - 2 scrolls of immolation
 l - a scroll of magic mapping {unknown}
 m - a scroll of poison
 r - 4 scrolls of teleportation {unknown}
 w - a scroll of enchant armour
 x - a scroll of fear
 B - a scroll of amnesia {unknown}
Potions
 b - a potion of flight
 g - 2 potions of attraction
 n - 2 potions of ambrosia
 p - a potion of brilliance
 q - 7 potions of curing
 u - a potion of might
 v - 2 potions of heal wounds
 C - a potion of mutation


   Skills:
 + Level 5.9 Fighting
 + Level 6.2 Maces & Flails
 - Level 2.0 Throwing
 + Level 7.1 Armour
 - Level 2.3 Dodging


You had 7 spell levels left.
You didn't know any spells.
Your spell library contained the following spells:

 Spells                   Type           Power      Damage    Failure   Level
 Sandblast                Erth           0%         2d4       50%         1
 Passwall                 Tmut/Erth      0%         N/A       63%         2
 Inner Flame              Hex/Fire       0%         N/A       86%         3
 Stone Arrow              Conj/Erth      0%         3d7       86%         3
 Flame Wave               Conj/Fire      0%         2d4       99%         4
 Sticky Flame             Conj/Fire      0%         2d3       99%         4


Dungeon Overview and Level Annotations

Branches:
Dungeon (6/15)              Sewer (visited)
 Temple: D:4-7

Altars:
Ashenzari
Cheibriados
Makhleb
Ru

Annotations:
D:5 Pikel


Innate Abilities, Weirdness & Mutations

You are completely covered in rugged brown scales. (AC +3, +7% HP)
Armour fits poorly on your strangely shaped body.
You have a long armoured tail.
You roll when moving toward enemies. (Rampage)
Your long tongue fully drains potion bottles. (2x potion effects)
Your tongue gives you trouble enunciating. (1.5x scroll delay)


Message History

You closely miss Pikel.
Your tail-slap misses Pikel.
Pikel is heavily wounded.
Pikel barely misses you.
You hit Pikel but do no damage.
Your tail-slap misses Pikel.
Pikel is heavily wounded.
Pikel hits you but does no damage.
Pikel hits you with a +0 whip of electrocution.
You barely miss Pikel.
Your tail-slap misses Pikel.
Pikel is moderately wounded.
Pikel closely misses you.
You closely miss Pikel.
Pikel is moderately wounded.
Pikel says, "Hell isn't that bad."
Pikel hits you but does no damage.
You barely miss Pikel.
Your tail-slap misses Pikel.
Pikel is moderately wounded.
Pikel closely misses you.
You closely miss Pikel. You punch Pikel, but do no damage.
Pikel is moderately wounded.
Pikel hits you but does no damage.
You are electrocuted!
You closely miss Pikel. You tail-slap Pikel, but do no damage.
Pikel is moderately wounded.
Pikel hits you with a +0 whip of electrocution.
* * * LOW HITPOINT WARNING * * *
You sock Pikel!
Pikel is heavily wounded.
Pikel hits you but does no damage.
You hit Pikel. You tail-slap Pikel!
Pikel is almost dead.
Pikel hits you with a +0 whip of electrocution.
* * * LOW HITPOINT WARNING * * *
You closely miss Pikel.
Pikel is almost dead.
Pikel closely misses you.
You closely miss Pikel.
Pikel is almost dead.
Pikel hits you with a +0 whip of electrocution.
* * * LOW HITPOINT WARNING * * *
You are electrocuted!!
You die...

....##...........##...##....##...
.....#...........##...###...##...
..#..............<............♣♣♣
..#....#...##....#.###.......~PP♣
......###.#####..#.# #...♣♣P~~~~~
...........#..#.##.# ##~~~PPPP≈≈~
........#.......##.###♣~P~~~~≈≈P~
..##.).##.#......K.##PPP~~~~~~~~~
...###.####..##.@.....♣P~~~~~~~~♣
....##.###..##.........♣♣~~~...~~
.[......##.##...##.#.............
...........###.###...............
#######.....#......##..#.....~.~P
##..#........##...#...♣~~~PP
#..####..........###..#♣♣~~~
##...#...........#....#.♣♣♣♣
##....##.................♣♣


You could see Pikel.

Vanquished Creatures
  Sigmund (D:4)
  Edmund (D:4)
  Pargi (Sewer)
  A black bear (D:5)
  2 ice beasts (D:5)
  An ogre (D:5)
  A lemure (D:6)
  A phantom (D:5)
  Blork the orc (D:5)
  A necrophage (D:5)
  A scorpion (D:5)
  3 orc priests
  A hound (D:4)
  A jelly (D:5)
  3 iguanas
  Terence (D:2)
  2 orc wizards
  A mummy (D:4)
  Robin (D:4)
  A gnoll (D:1)
  5 adders
  An ufetubus (D:5)
  3 worms
  5 dart slugs
  9 orcs
  10 endoplasms
  5 giant cockroaches
  22 goblins
  11 hobgoblins
  4 jackals (D:1)
  10 quokkas
  14 ball pythons
  6 bats
  10 frilled lizards
  10 kobolds
  6 rats
157 creatures vanquished.

Vanquished Creatures (others)
  A plant (D:5)
1 creature vanquished.

Grand Total: 158 creatures vanquished

Notes
Turn   | Place    | Note
-------+----------+-------------------------------------------
     0 | D:1      | cforsyth the Armataur Gladiator began the quest for the
                  | Orb.
     0 | D:1      | Reached XP level 1. HP: 18/18 MP: 1/1
    58 | D:1      | Reached XP level 2. HP: 22/25 MP: 2/2
   311 | D:1      | Reached skill level 1 in Armour
   365 | D:1      | Reached XP level 3. HP: 23/32 MP: 3/3
   611 | D:2      | Noticed Terence
   628 | D:2      | Killed Terence
   629 | D:2      | Reached skill level 2 in Armour
   629 | D:2      | Reached XP level 4. HP: 4/39 MP: 4/4
  2190 | D:3      | Reached XP level 5. HP: 48/48 MP: 5/5
  2304 | D:3      | Found a glowing drain.
  2331 | Sewer    | Entered a sewer
  2354 | Sewer    | Noticed Pargi
  2362 | Sewer    | Killed Pargi
  2363 | Sewer    | Reached skill level 3 in Armour
  2499 | D:3      | Found a burning altar of Makhleb.
  2499 | D:3      | Found a broken altar of Ashenzari.
  2543 | D:3      | Reached XP level 6. HP: 51/54 MP: 6/6
  3030 | D:3      | Found a sacrificial altar of Ru.
  3239 | D:4      | Found a snail-covered altar of Cheibriados.
  3262 | D:4      | Identified the +1 scale mail of the Mantidfly {-Cast rF++
                  | Str+4}
  3279 | D:4      | Reached skill level 4 in Armour
  3496 | D:4      | Noticed Edmund
  3510 | D:4      | Killed Edmund
  3511 | D:4      | Reached XP level 7. HP: 56/63 MP: 7/7
  3604 | D:4      | Noticed Sigmund
  3614 | D:4      | Killed Sigmund
  3615 | D:4      | Reached skill level 5 in Maces & Flails
  3615 | D:4      | Reached skill level 5 in Armour
  3777 | D:4      | Noticed Robin
  3800 | D:4      | Killed Robin
  4135 | D:5      | Entered Level 5 of the Dungeon
  4481 | D:5      | Reached skill level 5 in Fighting
  4591 | D:5      | Reached XP level 8. HP: 42/72 MP: 8/8
  4626 | D:5      | Noticed Blork the orc
  4633 | D:5      | Reached skill level 6 in Armour
  4635 | D:5      | Killed Blork the orc
  4867 | D:5      | Reached skill level 7 in Armour
  5166 | D:6      | Noticed Pikel
  5199 | D:5      | Slain by Pikel

Illustrated notes

Levels and vault maps discovered:
D:1:      heliophobic_arrival_ceremonial_halls, layout_rooms, minmay_3d_cube
D:2:      kb_forest_paths, layout_basic, serial_bayou_pond_b, uniq_terence
D:3:      kennysheep_six_static_rooms, layout_loops_corners,
          nicolae_overflow_two_pavilions, mainiacjoe_overflow_alcove_1,
          gup_sewer_entry_pipe
D:4:      layout_gridville, slow_altar_1, uniq_edmund, uniq_sigmund, uniq_robin
D:5:      layout_cave_pools, serial_bayou, serial_bayou_ford_a,
          serial_bayou_shore_b, serial_bayou_shore_a, serial_bayou_shore_b,
          uniq_blork_the_orc
D:6:      layout_basic, uniq_pikel

Skill      XL: |  1  2  3  4  5  6  7  8 |
---------------+-------------------------+-----
Fighting       | 2 3 4 5 |  5.9
Throwing       | 2 |  2.0
Maces & Flails | 3 4 5 6 |  6.2
Armour         | 1 2 3 4 5 7 |  7.1
Dodging        | |  2.3

Action                   |  1- 3 |  4- 6 |  7- 9 || total
-------------------------+-------+-------+-------++-------
Melee: Flail             |    68 |   220 |   125 ||   413
       Tailslap          |     5 |    22 |    16 ||    43
       Punch             |       |     4 |     2 ||     6
  Use: Potion            |     1 |       |       ||     1
       Scroll            |       |       |    11 ||    11
Armor: Leather armour    |    36 |       |       ||    36
       Chain mail        |       |   131 |       ||   131
       Scale mail        |       |    14 |    56 ||    70
Dodge: Dodged            |    41 |    71 |    47 ||   159

Table legend: (Time is in decaauts)
 A = Elapsed time spent in this place.
 B = Non-inter-level travel time spent in this place.
 C = Inter-level travel time spent in this place.
 D = Time resting spent in this place.
 E = Time spent auto-exploring this place.
 F = Levels seen in this place.
 G = Mean time per level.
                   A        B        C        D        E       F      G
               +--------+--------+--------+--------+--------+-----+--------+
         Total |   5280 |   5046 |    234 |    714 |   2994 |   7 |  754.3 |
       Dungeon |   5132 |   4898 |    234 |    714 |   2930 |   6 |  855.3 |
         Sewer |    148 |    148 |      0 |      0 |     64 |   1 |  148.0 |
               +--------+--------+--------+--------+--------+-----+--------+

Top non-repeatable levels by time:
     D:2: 1415 daAuts
     D:3: 1104 daAuts
     D:5: 1015 daAuts
     D:4: 912 daAuts
     D:1: 621 daAuts
   Sewer: 148 daAuts
     D:6: 63 daAuts
